Cogmind - Beta 13 @@@ ROGUE MODE // 2024.05.07 @ 21:01:39 Player: Matters Result: Destroyed by G-34 Mercenary with Small Laser Performance ------------- Evolutions (0) 0 Regions Visited (4) 800 Robots Destroyed (19) 95 Value Destroyed (522) 522 Prototype IDs (23) 460 Alien Tech Used (0) 0 Bonus (300) 300 TOTAL SCORE: 2177 Bonus ------- Aligned with FarCom 300 Cogmind --------- Core Integrity 0/250 Matter 113/300 Energy 140/140 System Corruption 3% Temperature Warm (178) Movement Walking (260) Ox2 Location -9/Mines Parts ------- > --- POWER (1) -------- Light Deuterium Engine > --- PROPULSION (2) --- Aluminum Leg > --- UTILITY (2) ------ Medium Storage Unit Improved Light Armor Plating > --- WEAPON (2) ------- Autogun Battle Cannon > --- INVENTORY (10) --- Ion Engine Medium Matter Pod (100) Sensor Array Small Laser AWS/Autocannon Peak State ------------ > --- POWER ------------ Light Deuterium Engine > --- PROPULSION ------- Aluminum Leg Aluminum Leg > --- UTILITY ---------- Signal Interpreter Targeting Computer > --- WEAPON ----------- YOLO Cannon > --- INVENTORY -------- Ion Engine Medium Matter Pod [Rating: 27] Favorites ----------- Power Light Deuterium Engine Engine Light Deuterium Engine Power Core Light Nuclear Core Propulsion Aluminum Leg Leg Aluminum Leg Utility Signal Interpreter Device Structural Scanner Storage Medium Storage Unit Processor Signal Interpreter Protection Improved Light Armor Plating Weapon Small Laser Energy Gun Small Laser Energy Cannon YOLO Cannon Ballistic Gun Light Assault Rifle Ballistic Cannon Battle Cannon Launcher Grenade Launcher Build | -11 -10 -10 -10 -9 ------- Run | Yrd Mat Min Exi Min Slots Evolved . | . . . . . Power . | . . . . . Propulsion . | . . . . . Utility . | . . . . . Weapon . | . . . . . Parts Attached 36 | 6 11 12 5 2 Power 5 | 1 1 3 . . Engine 4 | 1 1 2 . . Core 1 | . . 1 . . Reactor . | . . . . . Propulsion 5 | 2 1 2 . . Treads . | . . . . . Leg 5 | 2 1 2 . . Wheel . | . . . . . Hover . | . . . . . Flight . | . . . . . Utility 8 | 1 5 . 1 1 Device 1 | . 1 . . . Storage 4 | 1 2 . 1 . Processor 2 | . 2 . . . Hackware . | . . . . . Protection 1 | . . . . 1 Artifact . | . . . . . Weapon 18 | 2 4 7 4 1 Energy Gun 5 | 1 1 1 2 . Energy Cannon 1 | . . . 1 . Ballistic Gun 8 | 1 3 3 . 1 Ballistic Cannon 2 | . . 1 1 . Launcher 2 | . . 2 . . Special Weapon . | . . . . . Impact Weapon . | . . . . . Slashing Weapon . | . . . . . Piercing Weapon . | . . . . . Special Melee Weapon . | . . . . . Unidentified Prototypes 2 | . . . 2 . Parts Lost 8 | . 2 5 . 1 Power 2 | . 1 1 . . Propulsion 3 | . . 2 . 1 Utility . | . . . . . Weapon 3 | . 1 2 . . Highest Loss Streak 3 | . 1 3 . 1 To Critical Strikes 1 | . . 1 . . Average Slot Usage (%) 95 | . 98 90 97 100 Engine 12 | . 13 10 14 14 Core 1 | . . 3 . . Leg 26 | . 28 24 28 28 Device 1 | . 5 . . . Storage 6 | . 14 . 4 14 Processor 19 | . 7 28 23 13 Energy Gun 11 | . 12 8 13 12 Ballistic Gun 7 | . 14 10 . 1 Ballistic Cannon 5 | . . 1 12 14 Launcher 1 | . . 3 . . Naked Turns . | . . . . . Heaviest Build 23 | 11 17 10 23 19 Greatest Support 20 | 20 20 20 20 20 Greatest Overweight (x) 1 | 1 . . 1 . Average Overweight (x) . | . . . . . Largest Inventory Capacity 10 | 8 10 5 10 10 Average Capacity 7 | 6 8 5 6 10 Most Carried 10 | 3 10 5 7 8 Average Carried 6 | 2 7 4 5 7 Final Capacity 10 | 8 5 5 10 10 Final Carried 7 | 3 5 5 7 7 Class Distribution -------------------- 54% | Scavenger-Mutant 45% | Mutant Dominant Class ---------------- Mutant | -10/Materials Scavenger-Mutant | -10/Mines Scavenger-Mutant | -10/Exiles Scavenger-Mutant | -9/Mines Resources | -11 -10 -10 -10 -9 ----------- Run | Yrd Mat Min Exi Min Matter Collected 741 | 260 143 317 . 21 Remotely . | . . . . . Salvage Created 618 | . 241 322 . 55 Parts 43 | . 17 20 . 6 Haulers Intercepted . | . . . . . Recyclers Shooed . | . . . . . Parts Field Recycled . | . . . . . Retrieved Matter . | . . . . . Parts Self-Destructed . | . . . . . Prevented . | . . . . . Kills | -11 -10 -10 -10 -9 ------- Run | Yrd Mat Min Exi Min Combat Hostiles Destroyed 18 | . 6 11 . 1 Guns 12 | . 6 5 . 1 AOE 6 | . . 6 . . Classes Destroyed 5 | . 3 1 . 1 Worker 1 | . . . . 1 Watcher 2 | . 2 . . . Swarmer 5 | . 2 3 . . Grunt 11 | . 4 6 . 1 Assembled 2 | . . 2 . . Best Kill Streak 4 | . 4 3 . 2 Combat Bots Only 4 | . 4 3 . 1 Max Kills in Single Turn 2 | . 1 2 . 1 Gunslinging . | . . . . . Exploded 2 | . . 2 . . Melee . | . . . . . Uniques/NPCs Destroyed . | . . . . . Combat | -11 -10 -10 -10 -9 -------- Run | Yrd Mat Min Exi Min Hostile Shots Fired 121 | . 58 45 . 18 Missed 26 | . 11 11 . 4 Damage Taken 1153 | . 524 458 . 171 Core 258 | . 128 100 . 30 Absorbed by Shields . | . . . . . Core Remaining (%) 100 | 100 . . . . Volleys Fired 86 | . 41 38 . 7 Largest 2 | . 2 2 . 2 Hottest 70 | . 70 60 . 62 Shots Fired 134 | . 65 55 . 14 Gun 120 | . 65 48 . 7 Cannon 7 | . . . . 7 Launcher 7 | . . 7 . . Special . | . . . . . Kinetic 90 | . 43 33 . 14 Thermal 37 | . 22 15 . . Explosive 7 | . . 7 . . Electromagnetic . | . . . . . Robot Hit Streak 10 | . 7 10 . 7 Robot Miss Streak 4 | . 4 4 . 4 Penetration Max . | . . . . . Secondary Targets 2 | . 1 1 . . Max Gunslinging Chain 1 | . 1 1 . . Shots Hit Robots 88 | . 43 37 . 8 Core Hits 42 | . 15 24 . 3 Critical Kills . | . . . . . Critical Parts Destroyed 1 | . . 1 . . Critical Strikes 5 | . 3 1 . 1 Burn 3 | . 3 . . . Destroy 1 | . . 1 . . Blast 1 | . . . . 1 Melee Attacks . | . . . . . Impact . | . . . . . Slashing . | . . . . . Piercing . | . . . . . Sneak Attacks . | . . . . . Combat Hostiles . | . . . . . Follow-up Attacks . | . . . . . Damage Inflicted 1361 | . 459 725 . 177 Guns 868 | . 459 350 . 59 Cannons 118 | . . . . 118 Explosions 375 | . . 375 . . Melee . | . . . . . Ramming . | . . . . . Kinetic 657 | . 272 208 . 177 Thermal 329 | . 187 142 . . Explosive 375 | . . 375 . . Electromagnetic . | . . . . . Impact . | . . . . . Slashing . | . . . . . Piercing . | . . . . . Highest Corruption 3 | . 3 3 3 3 Average Corruption 2 | . 2 3 3 3 Corruption Purged . | . . . . . Corruption Blocked . | . . . . . Effects 47 | . 7 19 14 7 Message Errors 8 | . 1 1 5 1 Matter Fused 17 | . 2 6 5 4 Heat Flow Errors 5 | . 1 2 2 . Energy Discharges 5 | . 1 4 . . Parts Rejected 1 | . . 1 . . Parts Fused 1 | . . 1 . . Data Loss (minor) 3 | . . 2 1 . Data Loss (major) 4 | . . 1 1 2 Misfires 2 | . 1 1 . . Weapon Failures 1 | . 1 . . . Overload Shots . | . . . . . Overflow Damage 20 | . . 20 . . Projectiles . | . . . . . Explosions 20 | . . 20 . . Melee . | . . . . . Knockbacks . | . . . . . Impact . | . . . . . Kinetic . | . . . . . Secondary . | . . . . . Self-Inflicted Damage 28 | . . 28 . . Shots 1 | . . 1 . . Rammed . | . . . . . Targets Rammed . | . . . . . Kicked . | . . . . . Crushed . | . . . . . Highest Temperature 280 | . 273 280 268 172 Average Temperature 78 | . 80 58 118 82 Received Heat Transfer 480 | . 234 126 . 120 Effects 4 | . 4 . . . Interference 4 | . 4 . . . Siege Activations . | . . . . . Robots Corrupted . | . . . . . Combat Hostiles . | . . . . . Parts Fried . | . . . . . Impact Corruptions . | . . . . . Robots Melted . | . . . . . Combat Hostiles . | . . . . . Parts Melted . | . . . . . Heat Transferred 1102 | . 777 325 . . Parts Sabotaged . | . . . . . Parts Stolen . | . . . . . Parts Stripped . | . . . . . Power Chain Reactions . | . . . . . Alert | -11 -10 -10 -10 -9 ------- Run | Yrd Mat Min Exi Min Peak Influence 275 | . 274 275 . 25 Initial 42 | . . 42 . . Average 98 | . 100 133 . 1 Maximum Alert Level 1 | . 1 1 . . Low Security (%) 77 | 100 79 67 . 100 Level 1 22 | . 20 32 . . Level 2 . | . . . . . Level 3 . | . . . . . Level 4 . | . . . . . Level 5 . | . . . . . High Security . | . . . . . Max Security . | . . . . . Squads Dispatched 1 | . 1 . . . Investigation . | . . . . . Extermination . | . . . . . Reinforcement 1 | . 1 . . . Assault . | . . . . . Garrison . | . . . . . Intercept . | . . . . . Searches Triggered . | . . . . . Construction Impeded . | . . . . . Haulers Reinforced . | . . . . . Active Scanning Responses . | . . . . . Cargo Convoy Interrupts . | . . . . . Stealth | -11 -10 -10 -10 -9 --------- Run | Yrd Mat Min Exi Min Distress Signals . | . . . . . Communications Jammed . | . . . . . Distress Signals . | . . . . . Times Spotted 45 | . 21 21 . 3 Peak Tracking Total 18 | . 8 18 . 3 Tactical Retreats 7 | . 7 . . . Traps | -11 -10 -10 -10 -9 ------- Run | Yrd Mat Min Exi Min Traps Triggered 2 | . 2 . . . Indirectly . | . . . . . Trap Hack Attempts . | . . . . . Triggered . | . . . . . Disarmed . | . . . . . Reprogrammed . | . . . . . Reused . | . . . . . Traps Extracted . | . . . . . Installed . | . . . . . Triggered . | . . . . . Machines | -11 -10 -10 -10 -9 ---------- Run | Yrd Mat Min Exi Min Machines Disabled . | . . . . . Max in Single Turn . | . . . . . Machines Repaired . | . . . . . Machines Dismantled . | . . . . . Machines Sabotaged . | . . . . . Overloaded Fab Kills . | . . . . . Hacking | -11 -10 -10 -10 -9 --------- Run | Yrd Mat Min Exi Min Machines Accessed 5 | . 3 1 1 . Terminals 3 | . 2 1 . . Fabricators . | . . . . . Repair Stations . | . . . . . Recycling Units 1 | . 1 . . . Scanalyzers . | . . . . . Garrison Access . | . . . . . Total Hacks 8 | . 4 3 1 . Successful 4 | . 2 1 1 . Failed 4 | . 2 2 . . Catastrophic . | . . . . . Database Lockouts . | . . . . . Manual 1 | . . . 1 . Terminals 6 | . 3 3 . . Fabricators . | . . . . . Repair Stations . | . . . . . Recycling Units 1 | . 1 . . . Scanalyzers . | . . . . . Garrison Access . | . . . . . Terminal Hacks 3 | . 1 1 1 . Dispatch Records 1 | . 1 . . . Patrol Status 1 | . . 1 . . Derelict Proto ID Bank 1 | . . . 1 . Fabricator Hacks . | . . . . . Repair Station Hacks . | . . . . . Recycling Unit Hacks 1 | . 1 . . . Report Inventory 1 | . 1 . . . Scanalyzer . | . . . . . Garrison Access Hacks . | . . . . . Unauthorized Hacks . | . . . . . Terminals . | . . . . . Fabricators . | . . . . . Repair Stations . | . . . . . Recycling Units . | . . . . . Scanalyzers . | . . . . . Garrison Access . | . . . . . Data Cores Recovered . | . . . . . Used . | . . . . . Hacking Detections 4 | . 3 1 . . Full Trace Events . | . . . . . Feedback Events . | . . . . . Feedback Blocked . | . . . . . Robot Schematics Acquired . | . . . . . Robots Built . | . . . . . Authchips . | . . . . . Time . | . . . . . Total Robot Build Rating . | . . . . . Part Schematics Acquired . | . . . . . Parts Built . | . . . . . Authchips . | . . . . . Time . | . . . . . Total Part Build Rating . | . . . . . Parts Repaired . | . . . . . Time . | . . . . . Parts Recycled . | . . . . . Recycled Matter . | . . . . . Retrieved Matter . | . . . . . Retrieved Components . | . . . . . Parts Scanalyzed . | . . . . . Part Schematics Acquired . | . . . . . Parts Damaged . | . . . . . Bothacking | -11 -10 -10 -10 -9 ------------ Run | Yrd Mat Min Exi Min Used RIF Installer . | . . . . . Robots Hacked . | . . . . . Non-combat . | . . . . . Combat . | . . . . . Robot Hacks Applied . | . . . . . Relay Couplers Released . | . . . . . Fabnet Peak Effective % . | . . . . . Robots Rewired . | . . . . . Allies Hacked . | . . . . . Hacks Repelled . | . . . . . Allies | -11 -10 -10 -10 -9 -------- Run | Yrd Mat Min Exi Min Total Allies . | . . . . . Largest Group . | . . . . . Highest-Rated Group . | . . . . . Highest-Rated Ally . | . . . . . Total Orders . | . . . . . Ally Attacks . | . . . . . Total Damage . | . . . . . Kills . | . . . . . Allies Corrupted . | . . . . . Allies Melted . | . . . . . Intel | -11 -10 -10 -10 -9 ------- Run | Yrd Mat Min Exi Min Robot Analysis Total . | . . . . . Derelict Logs Recovered 1 | . . . . 1 Drone Launches . | . . . . . Drone Recoveries . | . . . . . Exploration | -11 -10 -10 -10 -9 ------------- Run | Yrd Mat Min Exi Min Turns Passed 2603 | 61 645 906 711 280 Spaces Moved 1862 | 50 410 650 576 176 Core 24 | 18 . 6 . . Treads . | . . . . . Legs 1838 | 32 410 644 576 176 Wheels . | . . . . . Hover . | . . . . . Flight . | . . . . . Fastest Speed 50 | 50 120 50 120 120 Average Speed 119 | 95 120 119 120 120 Slowest Speed 190 | 120 120 120 190 120 Overloaded Moves . | . . . . . Propulsion Burnouts . | . . . . . Robots Hopped . | . . . . . Cave-ins Triggered . | . . . . . Exploration Rate (%) 52 | 4 74 93 63 30 Regions Visited 4 Branch Regions 3 Pre-discovered Areas 1 | . . . . 1 Known Exits Taken 3 | . 1 1 1 . Unknown Exits Taken 1 | 1 . . . . Scrap Searched 2 | . . 1 . 1 Spaces Dug . | . . . . . Terrain Destroyed 60 | . . 60 . . Melee . | . . . . . Projectile . | . . . . . AOE 60 | . . 60 . . Terrain Rammed . | . . . . . Walls Destroyed . | . . . . . Machines Disabled . | . . . . . Actions | -11 -10 -10 -10 -9 --------- Run | Yrd Mat Min Exi Min Total 2128 | 61 506 730 598 233 Wait 90 | . 26 17 . 47 Move 1858 | 49 409 649 575 176 Hop . | . . . . . Pick Up 34 | 6 12 7 8 1 Fast Attach 10 | 3 . 5 2 . Attach 12 | 3 4 3 2 . Detach 1 | . 1 . . . Swap 14 | . 7 4 1 2 Drop 22 | . 6 7 9 . Fire 86 | . 41 38 . 7 Melee . | . . . . . Ram . | . . . . . Kick . | . . . . . Crush . | . . . . . Escape Stasis . | . . . . . Rewire 1 | . . . 1 . Trap . | . . . . . Miscellaneous . | . . . . . Route ------- -11/Scrapyard -10/Materials (discovered 2 exits: *Mat / *Min) -10/Mines (discovered 3 exits: *Mat x2 / *Exi) -10/Exiles (discovered 2 exits: *Min x2) -9/Mines History --------- Turn | Location | Event 3 | -11/Scrapyard | Discovered new exit (range 15) 62 | -11/Scrapyard | Entered Materials 306 | -10/Materials | Build established: Mutant 402 | -10/Materials | Discovered new exit (range 16) 511 | -10/Materials | Discovered new exit (range 8) 671 | -10/Materials | Core integrity fell below 50% 706 | -10/Materials | Identified exit to Mines 707 | -10/Materials | Entered Mines 735 | -10/Mines | Discovered new exit (range 10) 748 | -10/Mines | Identified exit to Materials 819 | -10/Mines | Met a Derelict bent on vengeance 1019 | -10/Mines | Core integrity fell below 20% 1035 | -10/Mines | Lost 3 parts (1p1n1w) 1241 | -10/Mines | Assembled infested the area 1284 | -10/Mines | Met 8R-AWN 1397 | -10/Mines | Discovered exit to Materials (range 11) 1398 | -10/Mines | Build established: Scavenger-Mutant 1533 | -10/Mines | A weapon hastily lodged in a ceiling crevice suddenly fell to the ground 1609 | -10/Mines | Discovered new exit (range 5) 1612 | -10/Mines | Identified exit to Exiles 1613 | -10/Mines | Entered Exiles 1639 | -10/Exiles | Discovered new exit (range 14) 1653 | -10/Exiles | Identified exit to Mines 1677 | -10/Exiles | Welcomed by 8R-AWN 1699 | -10/Exiles | Met EX-HEX 1746 | -10/Exiles | Met EX-BIN 1761 | -10/Exiles | Aligned with FarCom system 1762 | -10/Exiles | Given EX-Vault access code 1802 | -10/Exiles | Opened EX-Vault 1825 | -10/Exiles | Found Prototype Energy Cannon 1827 | -10/Exiles | Identified YOLO Cannon 1833 | -10/Exiles | Found Prototype Ballistic Cannon 1838 | -10/Exiles | Found Prototype Energy Gun 1839 | -10/Exiles | Identified AWS/Thermal 1914 | -10/Exiles | Warned to stay clear of 0b10 Research branches 1963 | -10/Exiles | Met EX-DEC 2051 | -10/Exiles | Discovered exit to Mines (range 14) 2213 | -10/Exiles | Identified AWS/Autocannon 2324 | -10/Exiles | Left Exiles lab with AWS/Autocannon 2324 | -10/Exiles | Entered Mines 2604 | -9/Mines | Destroyed by G-34 Mercenary with Small Laser Last Messages --------------- 02416_ System corrupted: Substantial component data lost. 02483_ System corrupted: Matter fused (-9). 02547_ K-01 Serf collects debris. 02548_ System corrupted: Matter fused (-8). 02555_ K-01 Serf collects debris. 02577_ System corrupted: Matter fused (-8). 02578_ K-01 Serf collects debris. 02585_ K-01 Serf destroyed. 02587_ K-01 Serf collects debris. 02591_ G-34 Mercenary destroyed. 02592_ Critical hit (Burn: +37). 02593_ K-01 Serf collects debris. 02594_ P>L0P7S0&XKN/W4UD18 Y3E |A G2BQU78PC 02596_ Discarded Signal Interpreter. 02596_ K-01 Serf collects debris. 02598_ G-47 Trooper Imp. Heat Sink blasted off. 02598_ R-06 Scavenger collects Imp. Heat Sink. 02601_ K-01 Serf collects debris. 02601_ R-06 Scavenger collects Sml. Matter Pod. 02602_ Aluminum Leg destroyed. Map ----- +----------------------------------------------------+ | ????????????????????????????????????????? | | ????????????????????????????????????????? | | ????????????????????????????????????????? | | ????????????????????????????????????????? | | ????????????????????????????????????????? | | ????????????????????????????????????????? | | ????????????????????????????????????????? | | ????????????????????????????????????????? | | ????????????????????????????????????????? | | ????????????????????????????????????????? | | ????????????????????????????????????????? | | ???????????????????????????????#####????? | | ??????????????????????????????## #????? | | ?????????????????????????????## #????? | | ??????????????????############ ###????? | | ?????????????????## ##??????? | | ????????????????## ##??????? | | ????????????????# ##?????? | | ??????####??????# ## ##????? | | ????### ######## #### #????? | | ???## ## ####??# #????? | | ???# ##?????# #????? | | ??## ######?## ##????? | | ### ## ##?#######?????? | | # #### #?????????????? | | ##??# k @#?????????????? | | # ##??## ##?????????????? | | #####?### %= ##??????????????? | | ?????## r %= ##???????????????? | | ??#### % =* ####????????????????? | | ?## gg% ##???????????????????? | | ## r##% ###????????????????????? | | ### #??????????????????????? | | ##?# #??????????????????????? | | ### ######??# ?????????????????????? | | #?## #???????# ????????????????????? | | #### #??????? ######???????????????????? | | #??????? ?????????????????????????? | | ######?????? ?????????????????????????? | | #??####?????? ?????????????????????????? | | ### ##????? ?????????????????????????? | | #????? ?????????????????????????? | | #???? ?????????????????????????? | | = ##???? ?????????????????????????? | | ######?????#??????????????????????????? | | ]##?????????????????????????????????????? | | ##??????????????????????????????????????? | | ????????????????????????????????????????? | | ????????????????????????????????????????? | | #####???????????????????????????????????? | +----------------------------------------------------+ Best States ------------- Heat Dissipation 25 Energy Generation 14 Energy Capacity 250 Matter Stores 300 Matter Capacity 300 Sight Range 16 Terrain Scan Density 10 Armor Coverage 150 Evasion (%) 55 Targeting Accuracy 5 Item Schematics ----------------- None Robot Schematics ------------------ None Fabricated ------------ Nothing Alien Tech Used ----------------- None Achievements -------------- None Challenges ------------ None Game ------ Seed ControlStasisAccelerator Manual? 0 Play Time 00:33:38 Cumulative 5.1 hours Start 2024.05.07 @ 19:20:24 End 2024.05.07 @ 21:01:39 Sessions 1 Manual Loads 0 Difficulty Rogue Special Mode None Game No. 5 Rogue 5 Adventurer 0 Explorer 0 Win Type - Total 0 Types 0/0/0/0/0/0/0/0/0 Lore% 11 Gallery% 10 Achievement% 10 Wizard Run 0 Options --------- Layout 0 ASCII 0 Keyboard 0 Movement Mouse Keybinds 0 Fullscreen 1 Font 18/SmallcapsGlow Map View 76x50 Zoom Use 81% Tactical HUD 1 Map Filters NONE Filters NONE Steam X RUN: 54cac610-03a5-41a1-8fe1-a0ae3a491f7b